 Dungeon Crawl Stone Soup version 0.19-GnollCrawlA-1-g03664ee (webtiles) character file.

977 ManMan the Vandal (level 1, -4/17 HPs)
             Began as a Centaur Hunter on Sept 2, 2016.
             Was a Believer of Yredelemnul.
             Slain by a gnoll (7 damage)
             ... on level 8 of the Dungeon.
             The game lasted 00:22:25 (10417 turns).

ManMan the Vandal (Centaur Hunter)                 Turns: 10417, Time: 00:22:26

Health: -4/17      AC:  7    Str: 22    XL:     1   Next: 0%
Magic:  0/0        EV:  9    Int: 10    God:    Yredelemnul [**....]
Gold:   263        SH: 10    Dex:  9    Spells: 0 memorised, 0 levels left

rFire  . . .     SeeInvis .     b - +3 trident "Onguec" {antimagic, rC+ Str+3 Stlth+}
rCold  + . .     Gourm    .     m - +0 scale mail
rNeg   . . .     Faith    .     h - +0 shield (curse)
rPois  .         Spirit   .     (no helmet)
rElec  .         Dismiss  .     k - +0 cloak
rCorr  .         Reflect  +     (no gloves)
SustAt .         Harm     .     (no barding)
MR     .....                    l - +3 amulet of reflection
Stlth  ..........               i - +4 ring of evasion
                                (no ring)

@: mighty, very quick
A: hooves 3, deformed body, speed 2, tough skin 3
a: Animate Remains, Recall Undead Slaves, Injury Mirror, Renounce Religion


You were on level 8 of the Dungeon.
You worshipped Yredelemnul.
Yredelemnul was pleased with you.
You were not hungry.

You visited 2 branches of the dungeon, and saw 9 of its levels.

You collected 263 gold pieces.

Inventory:

Hand Weapons
 a - a +1 hunting sling
 b - the +3 trident "Onguec" (weapon) {antimagic, rC+ Str+3 Stlth+}
   (You found it on level 7 of the Dungeon)

   It reduces the magical energy of the wielder, and disrupts the spells and
   magical abilities of those hit.
   Natural abilities and divine invocations are not affected.
   It affects your strength (+3).
   It protects you from cold.
   It makes you more stealthy.
Missiles
 d - 40 sling bullets
 e - 63 stones (quivered)
Armour
 h - a cursed +0 shield (worn)
 k - a +0 cloak (worn)
 m - a +0 scale mail (worn)
Jewellery
 g - an uncursed ring of fire
 i - a +4 ring of evasion (right hand)
 l - a +3 amulet of reflection (around neck)
Scrolls
 c - a scroll of blinking
 j - 4 scrolls of teleportation
 p - a scroll of noise {unknown}
 s - a scroll of fear
 t - a scroll of remove curse {unknown}
Potions
 q - a potion of brilliance
 v - a potion of ambrosia {unknown}
 w - a potion of heal wounds {unknown}
Books
 o - a book of Minor Magic

   Spells                             Type                      Level
   a - Magic Dart                     Conjuration                  1
   b - Blink                          Translocation                2
   c - Call Imp                       Summoning                    2
   d - Repel Missiles                 Charms/Air                   2
   e - Slow                           Hexes                        2
   f - Conjure Flame                  Conjuration/Fire             3
   g - Mephitic Cloud                 Conjuration/Poison/Air       3
 u - a book of Spatial Translocations

   Spells                             Type                      Level
   a - Apportation                    Translocation                1
   b - Blink                          Translocation                2
   c - Shroud of Golubria             Charms/Translocation         2
   d - Portal Projectile              Translocation                3
   e - Teleport Other                 Translocation                3
   f - Passage of Golubria            Translocation                4
Comestibles
 f - 7 bread rations
 r - a slice of pizza


   Skills:
 + Level 2.0 Fighting
 + Level 4.3 Slings
 + Level 1.3 Dodging
 + Level 0.5 Stealth


You couldn't memorise any spells.
You didn't know any spells.

Dungeon Overview and Level Annotations

Branches:
Dungeon (8/15)             Temple (1/1) D:1
   Lair: D:8-11

Altars:
Ashenzari
Cheibriados
Dithmenos
Elyvilon
Fedhas
Gozag
Hepliaklqana
Kikubaaqudgha
Makhleb
Nemelex Xobeh
Okawaru
Pakellas
Qazlal
Ru
Sif Muna
Trog
Uskayaw
Vehumet
Xom
Yredelemnul
Zin
The Shining One

Annotations:
D:7 PurpleRed's ghost, weakling MiBe


Innate Abilities, Weirdness & Mutations

You have hooves in place of feet.
Armour fits poorly on your strangely shaped body.
You cover ground very quickly.
You have extremely tough skin. (AC +3)


Message History

Unknown command.
You feel magic returning to you.
a - a +1 hunting sling (weapon)
You are too injured to fight recklessly!
Firing (i - inventory. (,) - cycle):
e - 64 stones (quivered)
Press: ? - help, Shift-Dir - straight line, f/p - gnoll
Aim: a gnoll (moderately wounded)
You shoot a stone. The stone barely misses the gnoll.
You feel magic leave you.
b - the +3 trident "Onguec" (weapon)
{antimagic, rC+ Str+3 Stlth+} You feel very mighty all of a sudden.
You closely miss the gnoll. Your kick misses the gnoll.
The gnoll is moderately wounded.
The gnoll closely misses you. You block the gnoll's attack.
Your shield prevents you from hitting the gnoll.
You kick the gnoll.
The gnoll is heavily wounded.
The gnoll hits you!
You die...
Your body rises from the dead as a mindless zombie.

### #.#### ## .
#..g@# #. .. #(####
.# #.. #.# #. #...
#g# .# #....####.#
##.#
#...#..####.###
#.(.(.##.>..##...
##.......).........
#............##....


You could see a gnoll.

Vanquished Creatures
  98 gnolls
98 creatures vanquished.

Notes
Turn   | Place    | Note
-------+----------+-------------------------------------------
     0 | D:1      | ManMan the Centaur Hunter began the quest for the Orb.
     0 | D:1      | Reached XP level 1. HP: 17/17 MP: 1/1
    49 | D:1      | Found a staircase to the Ecumenical Temple.
   422 | Temple   | Entered the Ecumenical Temple
   511 | Temple   | Became a worshipper of Yredelemnul the Dark
  2051 | D:2      | Found an oddly glowing altar of Pakellas.
  2051 | D:2      | Found a hazy altar of Hepliaklqana.
  2250 | D:3      | Reached * piety under Yredelemnul
  5462 | D:5      | Entered Level 5 of the Dungeon
  6742 | D:6      | Found a snail-covered altar of Cheibriados.
  7700 | D:7      | Reached ** piety under Yredelemnul
  7887 | D:7      | Noticed PurpleRed's ghost (weakling MiBe)
  8235 | D:7      | Got a scorched trident
  8236 | D:7      | Identified the +3 trident "Onguec" {antimagic, rC+ Str+3 Stlth+} (You found it on level 7 of the Dungeon)
  8907 | D:8      | Found a sparkling altar of Nemelex Xobeh.
 10417 | D:8      | Slain by a gnoll

Action                   || total
-------------------------++-------
Melee: Trident           ||    54
       Morningstar       ||    17
       Kick              ||     8
       Spear             ||     7
 Fire: Hunting sling     ||   687
Throw: Stone             ||     1
  Use: Scroll            ||     6
       Potion            ||     1
Armor: Scale mail        ||    31
       Chain mail        ||     3
       Leather armour    ||     1
Dodge: Dodged            ||    21
Block: Shield            ||    49
